 Dungeon Crawl Stone Soup version 0.20-a0-820-g557356e (webtiles) character file.

7 Gorice the Slasher (level 2, 0/23 HPs)
             Began as a Barachian Gladiator on Mar 4, 2017.
             Slain by a jackal (2 damage)
             ... on level 1 of the Dungeon.
             The game lasted 00:01:06 (113 turns).

Gorice the Slasher (Barachian Gladiator)             Turns: 113, Time: 00:01:06

Health: 0/23       AC:  4    Str: 15    XL:     2   Next: 0%
Magic:  2/2        EV: 13    Int:  8    God:
Gold:   0          SH:  0    Dex: 13    Spells: 1/1 levels left

rFire    . . .     SeeInvis .   a - +0 long sword
rCold    . . .     Gourm    .   b - +0 leather armour
rNeg     . . .     Faith    .   (no shield)
rPois    .         Spirit   .   c - +0 helmet
rElec    .         Reflect  .   (no cloak)
rCorr    .         Harm     .   (no gloves)
MR       .....                  (no boots)
Stlth    +.........             (no amulet)
Regen    0.1/turn               (no ring)
MPRegen  0.1/turn               (no ring)

@: slow
A: +LOS, swims, slowness 1, strong legs 1
a: Hop


You were on level 1 of the Dungeon.
You were not hungry.

You visited 1 branch of the dungeon, and saw 1 of its levels.

Inventory:

Hand Weapons
 a - a +0 long sword (weapon)
Missiles
 Y - 3 throwing nets (quivered)
Armour
 b - a +0 leather armour (worn)
 c - a +0 helmet (worn)
Comestibles
 f - a bread ration {!e}
 g - 2 chunks of flesh


   Skills:
 - Level 2.4 Fighting
 * Level 4.2 Long Blades
 - Level 2.0 Throwing
 - Level 3.2 Dodging


You had one spell level left.
You didn't know any spells.

Dungeon Overview and Level Annotations

Branches:
Dungeon (1/15)

Altars:


Innate Abilities, Weirdness & Mutations

Shadows flee at your approach. (+LOS)
You can swim through water.
You cover ground slowly.
You can hop short distances.


Message History

The jackal bites you but does no damage.
You closely miss the jackal. The jackal barely misses you.
You riposte.
You closely miss the jackal. You hit the jackal.
The jackal is heavily wounded.
The jackal bites you.
* * * LOW HITPOINT WARNING * * *
The jackal bites you.
* * * LOW HITPOINT WARNING * * *
A jackal comes into view.
Damage: 4 (max 4)
The jackal bites you.
* * * LOW HITPOINT WARNING * * *
Damage: 2 (max 4)
You hit the jackal but do no damage.
The jackal is heavily wounded.
The jackal bites you but does no damage. x2
The jackal barks!
You slash the jackal!
You kill the jackal!
You have reached level 2!
The jackal bites you.
* * * LOW HITPOINT WARNING * * *
Unknown command.
Unknown command.
It was a potion of magic.
Magic courses through your body. The jackal closely misses you.
The jackal bites you but does no damage.
You barely miss the jackal. The jackal closely misses you.
You riposte.
You hit the jackal but do no damage. You hit the jackal but do no damage.
The jackal closely misses you.
You miss the jackal. The jackal barely misses you.
You barely miss the jackal. The jackal bites you.
* * * LOW HITPOINT WARNING * * *
The jackal bites you but does no damage.
Damage: 2 (max 4)
You hit the jackal.
The jackal is severely wounded.
The jackal barely misses you.
You closely miss the jackal.
The jackal is severely wounded.
The jackal barely misses you. x2; You riposte.
You closely miss the jackal.
The jackal is severely wounded.
You hit the jackal but do no damage.
The jackal is severely wounded.
The jackal bites you but does no damage. x2
You closely miss the jackal.
The jackal is severely wounded.
The jackal bites you.
You die...

.....##..#.#
#.#.#..#
..#..##..#.#
#.#....#
..#..#####+#
##...!.#######
..#..##
##...........
..#...#
#.#.........
......#
#h.h........
......#
#h#.##......
.....## #h#h#
...... ......#
#@#h$ ......
......# #.#...
..... .###..##
#...... ....
.......#
........ ...
..#.....#
#.##.....
......... ..#
..$...
........# #.#
###....
........# ...
........# ..#


You could see 3 jackals.

Vanquished Creatures
  3 goblins (D:1)
  A jackal (D:1)
  A bat (D:1)
  A rat (D:1)
6 creatures vanquished.

Notes
Turn   | Place    | Note
-------+----------+-------------------------------------------
     0 | D:1      | Gorice the Barachian Gladiator began the quest for the Orb.
     0 | D:1      | Reached XP level 1. HP: 17/17 MP: 1/1
    70 | D:1      | Reached skill level 4 in Long Blades
    98 | D:1      | HP: 4/17 [jackal (3)]
   103 | D:1      | Reached XP level 2. HP: 4/23 MP: 2/2
   103 | D:1      | HP: 3/23 [jackal (1)]
   109 | D:1      | HP: 1/23 [jackal (2)]
   113 | D:1      | Slain by a jackal

Vault maps used:
D:1:      lightli_arrival_chessboard, kennysheep_another_room,
          minmay_split_cup_large

Skill      XL: |  1 |
---------------+----+-----
Long Blades    | 4 |  4.2
Fighting       | |  2.4
Throwing       | |  2.0
Dodging        | |  3.2

Action                   || total
-------------------------++-------
Melee: Long sword        ||    36
  Use: Potion            ||     1
 Stab: Sleeping          ||     1
Armor: Leather armour    ||    16
Dodge: Dodged            ||    25
       Rpst.: Long sword ||     8

Table legend:
 A = Turns spent in this place as a percentage of turns spent in the entire game.
 B = Non-inter-level travel turns spent in this place as a percentage of non-inter-level travel turns spent in the entire game.
 C = Inter-level travel turns spent in this place as a percentage of turns spent in this place.
 D = Turns resting spent in this place as a percentage of non-inter-level travel turns spent in this place.
 E = Turns spent auto-exploring this place as a percentage of non-inter-level travel turns spent in this place.
 F = Non-inter-level travel turns spent in this place divided by the number of levels of this place that you've seen.
                   A       B       C       D       E      F
               +-------+-------+-------+-------+-------+----------------------
         Total | 100.0 | 100.0 |   0.0 |   0.0 |   6.2 |  96.0
       Dungeon | 100.0 | 100.0 |   0.0 |   0.0 |   6.2 |  96.0
               +-------+-------+-------+-------+-------+----------------------

Vault maps used:
D:1:      lightli_arrival_chessboard, kennysheep_another_room,
          minmay_split_cup_large
